 Dungeon Crawl Stone Soup version 0.30-a0-1161-g0704695555 (webtiles) character file.

Game seed: 7026875407784287186

21809 RealBenFromCanada the Nimble (level 12, -1/92 HPs)
             Began as a Merfolk Ice Elementalist on Apr 27, 2023.
             Was an Elder of Vehumet.
             Slain by a boulder beetle (6 damage)
             ... on level 3 of the Lair of Beasts.
             The game lasted 01:04:41 (16177 turns).

RealBenFromCanada the Nimble (MfIE)                Turns: 16177, Time: 01:04:42

Health: -1/92      AC: 18    Str: 10    XL:     12   Next: 93%
Magic:  13/24      EV: 24    Int: 15    God:    Vehumet [****..]
Gold:   725        SH:  0    Dex: 23    Spells: 9/27 levels left

rFire   . . .        O - +3 rapier
rCold   . . .        (no shield)
rNeg    . . .        L - +0 steam dragon scales
rPois   +            R - +2 helmet
rElec   .            (no cloak)
rCorr   .            o - +0 pair of gloves
SInv    .            (no boots)
Will    .....        x - amulet of the acrobat
Stlth   ++++         f - +6 ring of dexterity
HPRegen 0.35/turn    p - ring of poison resistance
MPRegen 0.19/turn

%: random rage (3%), acrobat
@: ice-armoured, freezing walls, studying Fighting
A: (nimble swimmer 2), mertail, berserk 1
a: Renounce Religion


You were on level 3 of the Lair of Beasts.
You worshipped Vehumet.
Vehumet was greatly pleased with you.
You visited 2 branches of the dungeon, and saw 12 of its levels.

You collected 725 gold pieces.

Inventory:

Hand Weapons
 O - a +3 rapier (weapon)
 Z - a +2 demon trident of electrocution
Missiles
 B - 3 curare-tipped darts
Armour
 o - a +0 pair of gloves (worn)
 t - a scarf of resistance
 w - the +0 hat of Tuatit {rC++ Will- Stlth+}
   (You found it on level 9 of the Dungeon)

   rC:        It greatly protects you from cold.
   Will:      It decreases your willpower.
   Stlth:     It makes you more stealthy.
 G - the +1 helmet of Zyzxie {*Slow Str+5}
   (You found it on level 5 of the Dungeon)

   Str:       It affects your strength (+5).
   *Slow:     It may slow you when you take damage.
 L - +0 steam dragon scales (worn)
 R - a +2 helmet (worn)
Jewellery
 f - a +6 ring of dexterity (left hand)
 h - a ring of magical power
 m - a +6 ring of intelligence
 p - a ring of poison resistance (right hand)
 x - an amulet of the acrobat (around neck)
 D - a ring of positive energy
 N - a ring of fire
 S - a ring of wizardry
Wands
 a - a wand of mindburst (5)
 i - a wand of polymorph (5)
 y - a wand of flame (39) (quivered)
 F - a wand of digging (7)
 Q - a wand of roots (11)
 T - a wand of charming (6)
Scrolls
 c - a scroll of blinking
 d - a scroll of torment
 e - 7 scrolls of poison
 g - 5 scrolls of vulnerability
 j - 2 scrolls of magic mapping
 q - 3 scrolls of fog
 r - a scroll of summoning {unknown}
 v - 2 scrolls of identify
 z - a scroll of teleportation
 H - 2 scrolls of immolation
 K - a scroll of amnesia
 P - a scroll of enchant weapon {unknown}
 U - a scroll of noise {unknown}
Potions
 b - 2 potions of magic
 k - 3 potions of flight
 l - 10 potions of curing
 s - a potion of brilliance {unknown}
 u - 5 potions of might
 A - 3 potions of mutation
 C - 2 potions of haste
 E - a potion of invisibility
 I - 2 potions of lignification {unknown}
 J - 2 potions of resistance {unknown}
 M - 3 potions of degeneration {unknown}
 W - a potion of attraction {unknown}
Miscellaneous
 X - a phial of floods
 Y - a condenser vane


   Skills:
 - Level 8.0 Fighting
 - Level 10.0 Short Blades
 + Level 2.7 Armour
 * Level 13.9 Dodging
 + Level 7.7 Stealth
 - Level 8.0 Spellcasting
 + Level 0.9 Hexes
 - Level 2.4 Summonings
 - Level 12.0 Ice Magic
 + Level 1.2 Evocations


You had 9 spell levels left.
You knew the following spells:

 Your Spells              Type           Power      Damage    Failure   Level
a - Freeze                Ice            100%       1d10      1%          1
b - Frozen Ramparts       Ice            84%        1d13      1%          3
c - Ozocubu's Armour      Ice            42%        N/A       1%          3
d - Ensorcelled Hibernat  Hex/Ice        50%        N/A       1%          2
e - Summon Ice Beast      Ice/Summ       27%        N/A       6%          4
f - Metabolic Englaciati  Hex/Ice        12%        N/A       24%         5

Your spell library contained the following spells:

 Spells                   Type           Power      Damage    Failure   Level
 Flame Wave               Conj/Fire      6%         2d5       28%         4
 Shock                    Conj/Air       24%        1d4       3%          1
 Volatile Blastmotes      Fire/Tloc      12%        2d11      10%         3
 Apportation              Tloc           12%        N/A       12%         1
 Beastly Appendage        Tmut           12%        N/A       12%         1
 Necrotise                Necr           24%        1d5       12%         1
 Lesser Beckoning         Tloc           12%        N/A       19%         2
 Wereblood                Tmut           6%         N/A       19%         2
 Fulminant Prism          Conj/Hex       3%         3d5       24%         4
 Airstrike                Air            3%         2d(1-17)  28%         4
 Iskenderun's Mystic Bla  Conj/Tloc      6%         2d4       28%         4
 Gell's Gravitas          Tloc           6%         N/A       34%         3
 Spider Form              Tmut/Pois      6%         N/A       34%         3
 Swiftness                Air            6%         N/A       34%         3
 Teleport Other           Tloc           6%         N/A       34%         3
 Vampiric Draining        Necr           6%         2d6       34%         3
 Lee's Rapid Deconstruct  Erth           3%         3d5*      58%         5
 Anguish                  Hex/Necr       3%         N/A       69%         4
 Petrify                  Tmut/Erth      6%         N/A       75%         4
 Agony                    Necr           6%         N/A       97%         5
 Alistair's Intoxication  Tmut/Pois      4%         N/A       97%         5
 Statue Form              Tmut/Erth      4%         N/A       100%        6


Dungeon Overview and Level Annotations

Branches:
Dungeon (9/15)             Temple (0/1) D:7            Lair (3/5) D:9
  Swamp (0/4) Lair:2       Spider (0/4) Lair:3
    Orc: D:9-12

Altars:
Dithmenos
Fedhas
Gozag
Makhleb
Nemelex Xobeh
Qazlal
Vehumet
Wu Jian

Shops:
D:1 *[![   D:4 *

Annotations:
Lair:3 exclusion: boulder beetle


Innate Abilities, Weirdness & Mutations

((You are very nimble when in or above water. (Stealth+, EV+, Speed+++)))
Your lower body shifts to a powerful aquatic tail in water.
You sometimes lose your temper in combat.


Message History

The boulder beetle waves its antennae.
The boulder beetle leaps!
Your icy armour will break if you move.
Continue? [Y]es or [N]o only, please.
Your icy armour will break if you move.
Continue? [Y]es or [N]o only, please.
Your icy armour will break if you move.
Continue?
Okay, then.
A boulder beetle is nearby!
The boulder beetle curls into a ball and begins rolling!
Casting: Ozocubu's Armour (safe; 1% risk of failure)
Confirm with . or Enter, or press ? or * to list all spells.
Aiming: Ensorcelled Hibernation (safe; 1% risk of failure)
Press: ? - help, Shift-Dir - straight line, f/p - boulder beetle
Aim: a boulder beetle (almost dead, rolling, chance to affect: 38%)
The boulder beetle resists with some effort.
Casting: Ensorcelled Hibernation (safe; 1% risk of failure)
Confirm with . or Enter, or press ? or * to list all spells.
You don't know that spell.
Casting: Ensorcelled Hibernation (safe; 1% risk of failure)
Confirm with . or Enter, or press ? or * to list all spells.
Casting: Frozen Ramparts (safe; 1% risk of failure)
Press: ? - help, Dir - look around, f - activate The walls around you are covered in ice.
The wall freezes the boulder beetle but does no damage. x2
The boulder beetle hits you!!!
* * * LOW HITPOINT WARNING * * *
The boulder beetle stops rolling and uncurls.
Okay, then.
Okay, then.
Casting: Frozen Ramparts (safe; 1% risk of failure)
Confirm with . or Enter, or press ? or * to list all spells.
Aiming: Freeze (safe; 1% risk of failure)
Press: ? - help, Shift-Dir - straight line, f - boulder beetle
Aim: a boulder beetle (almost dead)
You freeze the boulder beetle!
The boulder beetle is almost dead.
The wall freezes the boulder beetle but does no damage.
The boulder beetle bites you.
You die...

##.##.......##...#.#.P..#.##.##
####..#....###........#..####....
P##..##.....#........###.# ##...
PP##..##....##......# ##. ###.
.P.P.##............## ###
......###..P......#.# #..
.#.#####...#...(°#... ## .###
#....#....B### # ..#
###....##^@^## #### .##
#..P..##.^^### ###... ..#
###..#.###^.^..# #.#..#
..#####...#######.^^.# ##..##
....##.#..P.....#..^^.# #..##
...........P.#####.^...# #..P#
.................##^.>.# ##.##
............#.....##...# #.#
#..#.##.#...#......###.# #.##


You could see a boulder beetle.

Vanquished Creatures
  Snorg (Lair:3)
  A two-headed ogre (D:9)
  Amaemon (D:7)
  A sixfirhy (D:8)
  Pikel (D:5)
  A deep elf pyromancer (D:7)
  2 orc sorcerers (D:9)
  A wolf spider (Lair:2)
  The ghost of themarg the Summoner, a novice MfSu of Sif Muna (D:5)
  A black mamba (Lair:1)
  Joseph (D:8)
  Maurice (D:9)
  3 cane toads
  An orange demon (D:8)
  2 komodo dragons (Lair:2)
  2 rime drakes
  2 trolls
  A hornet (D:8)
  19 blink frogs
  A jumping spider (Lair:2)
  A vampire (D:9)
  2 culicivoras (Lair:3)
  A wyvern (D:7)
  2 wraiths
  19 yaks
  A basilisk (Lair:2)
  2 steam dragons (D:7)
  2 wargs (D:9)
  6 water moccasins
  3 ice beasts
  2 orc warriors
  3 sky beasts
  Duvessa (D:6)
  4 black bears
  The ghost of qeuew the Covered, an amateur HOFi of Beogh (D:3)
  An ogre (D:6)
  A kobold brigand (D:9)
  2 phantoms (D:5)
  8 bullfrogs
  A gnoll sergeant (D:9)
  5 scorpions
  19 wights
  Dowan (D:6)
  A jelly (D:5)
  7 hounds
  2 orc priests
  3 sleepcaps
  2 iguanas
  12 orc wizards
  4 gnolls (D:9)
  5 adders
  2 shadow imps
  A white imp (D:5)
  4 worms
  A dart slug (D:3)
  16 orcs
  2 endoplasms
  2 giant cockroaches
  9 goblins
  6 hobgoblins
  4 jackals (D:4)
  8 kobolds
  5 quokkas
  6 ball pythons
  4 bats
  3 frilled lizards
  9 rats
250 creatures vanquished.

Vanquished Creatures (collateral kills)
  A two-headed ogre (D:9)
1 creature vanquished.

Vanquished Creatures (others)
  15 fungi
  18 plants
33 creatures vanquished.

Grand Total: 284 creatures vanquished

Notes
Turn   | Place    | Note
-------+----------+-------------------------------------------
     0 | D:1      | RealBenFromCanada the Merfolk Ice Elementalist began the
                  | quest for the Orb.
     0 | D:1      | Reached XP level 1. HP: 13/13 MP: 3/3
    66 | D:1      | Found a faded altar of an unknown god.
   275 | D:1      | Found Veorul's Distillery.
   281 | D:1      | Reached XP level 2. HP: 9/20 MP: 3/5
   417 | D:1      | Found Painum's General Store.
   745 | D:1      | Reached skill level 5 in Ice Magic
   813 | D:1      | Found Xumonaw's Antique Armour Shoppe.
   834 | D:1      | Found Boze's Armour Boutique.
  1140 | D:2      | Reached XP level 3. HP: 25/25 MP: 6/6
  1141 | D:2      | Reached skill level 1 in Fighting
  1256 | D:2      | Learned a level 3 spell: Frozen Ramparts
  2024 | D:3      | Reached skill level 1 in Short Blades
  2024 | D:3      | Reached XP level 4. HP: 30/32 MP: 2/7
  2145 | D:3      | Noticed qeuew's ghost (amateur HOFi)
  2155 | D:3      | Found a runed translucent gate.
  2155 | D:3      | Found a runed translucent gate.
  2155 | D:3      | Found a runed translucent gate.
  2183 | D:3      | Reached XP level 5. HP: 21/38 MP: 4/8
  2192 | D:3      | Killed qeuew's ghost
  2336 | D:3      | Reached skill level 3 in Dodging
  2667 | D:3      | Reached XP level 6. HP: 40/44 MP: 6/10
  3110 | D:4      | Found a sparkling altar of Nemelex Xobeh.
  3110 | D:4      | Noticed a black bear
  3121 | D:4      | Killed a black bear
  3430 | D:4      | Reached skill level 1 in Armour
  3447 | D:4      | Found Qimiarec's General Store.
  3586 | D:4      | Noticed a sky beast
  3591 | D:4      | Killed a sky beast
  3592 | D:4      | Reached XP level 7. HP: 51/51 MP: 5/11
  3917 | D:4      | Found a shadowy altar of Dithmenos.
  4258 | D:5      | Entered Level 5 of the Dungeon
  4324 | D:5      | Noticed Pikel
  4335 | D:5      | Killed Pikel
  4336 | D:5      | Reached XP level 8. HP: 48/60 MP: 6/14
  4349 | D:5      | Learned a level 3 spell: Ozocubu's Armour
  4352 | D:5      | Learned a level 2 spell: Ensorcelled Hibernation
  4500 | D:5      | Found a radiant altar of Vehumet.
  4505 | D:5      | Became a worshipper of Vehumet
  4572 | D:5      | Found an ornate altar of the Wu Jian Council.
  4987 | D:5      | Found a runed translucent door.
  4988 | D:5      | Noticed themarg's ghost (novice MfSu)
  5006 | D:5      | Killed themarg's ghost
  5007 | D:5      | Reached skill level 5 in Short Blades
  5007 | D:5      | Reached skill level 4 in Dodging
  5007 | D:5      | Reached skill level 5 in Spellcasting
  5007 | D:5      | Reached XP level 9. HP: 54/66 MP: 6/16
  5014 | D:5      | Identified the +1 helmet of Zyzxie {*Slow Str+5}
  5308 | D:5      | Noticed a troll
  5319 | D:5      | Killed a troll
  5320 | D:5      | Reached skill level 5 in Fighting
  6119 | D:6      | HP: 2/59 [wight/+4 great sword of freezing (1)]
  6505 | D:6      | Noticed Dowan
  6506 | D:6      | Noticed Duvessa
  6513 | D:6      | Killed Duvessa
  6517 | D:6      | Killed Dowan
  6768 | D:6      | Reached skill level 10 in Ice Magic
  6824 | D:6      | Reached XP level 10. HP: 36/75 MP: 15/19
  7061 | D:7      | Found a blossoming altar of Fedhas.
  7066 | D:7      | Found a stormy altar of Qazlal.
  7469 | D:7      | Reached * piety under Vehumet
  7469 | D:7      | Offered knowledge of Kiss of Death by Vehumet.
  7489 | D:7      | Reached skill level 5 in Dodging
  7756 | D:7      | Found a staircase to the Ecumenical Temple.
  8247 | D:7      | Noticed a deep elf pyromancer
  8250 | D:7      | Killed a deep elf pyromancer
  8435 | D:8      | Noticed Amaemon
  8437 | D:8      | Noticed an orange demon
  8438 | D:8      | Noticed Joseph
  8592 | D:7      | Killed Amaemon
  8744 | D:7      | HP: 3/77 [poisoned by an orange demon]
  8992 | D:8      | Killed an orange demon
  9235 | D:8      | Killed Joseph
  9365 | D:8      | Found a runed translucent door.
  9366 | D:8      | Found a burning altar of Makhleb.
  9366 | D:8      | Noticed a sixfirhy
  9420 | D:8      | Killed a sixfirhy
  9421 | D:8      | Reached XP level 11. HP: 67/83 MP: 15/21
  9921 | D:8      | Reached skill level 6 in Dodging
 10184 | D:8      | Reached skill level 1 in Evocations
 10192 | D:8      | Offered knowledge of Momentum Strike by Vehumet.
 10199 | D:8      | Learned a level 4 spell: Summon Ice Beast
 10261 | D:8      | Reached ** piety under Vehumet
 10293 | D:8      | Found an opulent altar of Gozag.
 10528 | D:9      | Noticed Maurice
 10539 | D:9      | Killed Maurice
 10984 | D:9      | Noticed a two-headed ogre
 10992 | D:9      | Killed a two-headed ogre
 11060 | D:9      | Noticed a two-headed ogre
 11066 | D:9      | Noticed an orc sorcerer
 11067 | D:9      | Noticed an orc sorcerer
 11069 | D:9      | Killed a two-headed ogre
 11080 | D:9      | Killed an orc sorcerer
 11081 | D:9      | Reached skill level 7 in Dodging
 11095 | D:9      | Gained mutation: You sometimes lose your temper in combat.
                  | [a neqoxec]
 11106 | D:9      | HP: 4/80 [orc sorcerer/bolt of negative energy (33)]
 11343 | D:9      | Identified the +0 hat of Tuatit {rC++ Will- Stlth+}
 11400 | D:9      | Found a staircase to the Lair.
 11763 | D:9      | Reached skill level 10 in Short Blades
 11765 | D:9      | Reached skill level 1 in Summonings
 11866 | D:9      | Noticed a sixfirhy
 11879 | D:9      | Killed an orc sorcerer
 11879 | D:9      | Offered knowledge of Dazzling Flash by Vehumet.
 11880 | D:9      | Reached skill level 8 in Dodging
 12048 | Lair:1   | Entered Level 1 of the Lair of Beasts
 12133 | Lair:1   | Reached skill level 9 in Dodging
 12133 | Lair:1   | Reached XP level 12. HP: 64/92 MP: 22/24
 12136 | Lair:1   | Reached skill level 5 in Stealth
 12166 | Lair:1   | Reached *** piety under Vehumet
 12167 | Lair:1   | Reached skill level 10 in Dodging
 13001 | Lair:1   | Reached skill level 11 in Dodging
 13287 | Lair:2   | Offered knowledge of Flame Wave by Vehumet.
 13395 | Lair:2   | Found a staircase to the Swamp.
 14114 | Lair:2   | Reached skill level 12 in Dodging
 14127 | Lair:2   | Identified the +0 robe "Qoink" {rF- rN+++ Str-5 Dex+3}
 15083 | Lair:3   | Reached skill level 13 in Dodging
 15211 | Lair:3   | Found a hole to the Spider Nest.
 15245 | Lair:3   | HP: 2/92 [wolf spider (8)]
 15671 | Lair:3   | Noticed Snorg
 15688 | Lair:3   | Killed Snorg
 15688 | Lair:3   | Reached **** piety under Vehumet
 15696 | Lair:3   | Learned a level 5 spell: Metabolic Englaciation
 16144 | Lair:3   | Noticed a boulder beetle
 16177 | Lair:3   | Slain by a boulder beetle

Illustrated notes

Levels and vault maps discovered:
D:1:      dpeg_arrival_subterranean_lakeside_camping, layout_loops_cross,
          ebering_ecumenical_altar_rust, serial_shops,
          nicolae_shop_hallway_plus, shop, nicolae_shop_industrial_runoff,
          nicolae_lakefront_shop
D:2:      layout_basic, chequers_avenue
D:3:      layout_loops_corners, gammafunk_ghost_split, dk_noncrumbling_4
D:4:      layout_loops_corners, mainiacjoe_overflow_boulevard,
          mainiacjoe_overflow_six_doors_small, nicolae_stop_n_shop_1
D:5:      layout_basic, marbit_many_paths, nicolae_overflow_crystal_walls,
          ebering_ghost_inner_flame, minmay_manual_mess, uniq_pikel
D:6:      layout_loops_cross, uniq_duvessa
D:7:      cheibrodos_steamvent, layout_basic,
          grunt_temple_overflow_forces_of_nature, minmay_temple_entry_offerings,
          guppyfry_early_elven_hall
D:8:      layout_cave_pools, nzn_makhleb_speed_demon,
          lemuel_coloured_pillars_altar, uniq_joseph, uniq_amaemon
D:9:      cheibrodos_wizards_tower, layout_basic, erik_lair_orcish_takeover,
          uniq_maurice
Lair:1:   layout_regular_city
Lair:2:   layout_layer_cave, swamp_mist_pool
Lair:3:   layout_loops_ring, spider_nest_entry_funnel_web,
          infiniplex_staircase_pool, uniq_snorg

Skill      XL: |  1  2  3  4  5  6  7  8  9 10 11 12 |
---------------+-------------------------------------+-----
Ice Magic      | 5 6 7 8 10 11 12 | 12.0
Fighting       | 1 2 3 4 6 8 |  8.0
Short Blades   | 1 2 3 4 5 6 7 10 | 10.0
Dodging        | 3 4 5 9 13 | 13.9
Spellcasting   | 3 4 5 6 7 8 |  8.0
Armour         | 1 2 |  2.7
Stealth        | 3 4 7 |  7.7
Evocations     | 1 |  1.2
Summonings     | 1 2 |  2.4
Hexes          | |  0.9

Action                     |  1- 3 |  4- 6 |  7- 9 | 10-12 || total
---------------------------+-------+-------+-------+-------++-------
  Melee: Dagger            |     9 |    22 |   161 |    55 ||   247
         Unarmed           |     7 |       |       |       ||     7
         Short sword       |    47 |    16 |       |       ||    63
         Punch             |     1 |     1 |     1 |     7 ||    10
         Rapier            |       |       |       |   372 ||   372
   Cast: Freeze            |    31 |    17 |    26 |    30 ||   104
         Frozen Ramparts   |     1 |     5 |    18 |    44 ||    68
         Ozocubu's Armour  |       |       |     5 |    28 ||    33
         Ensorcelled Hiber |       |       |     5 |    17 ||    22
         Summon Ice Beast  |       |       |       |     7 ||     7
         Metabolic Englaci |       |       |       |     1 ||     1
  Evoke: Wand              |       |       |     2 |     6 ||     8
    Use: Scroll            |     3 |       |     3 |    11 ||    17
         Potion            |       |     1 |     3 |     2 ||     6
   Stab: Sleeping          |     4 |       |     7 |    13 ||    24
         Distracted        |       |       |       |     1 ||     1
 Armour: Robe              |     8 |       |       |       ||     8
         Leather armour    |     7 |    11 |    27 |     1 ||    46
         Steam dragon scal |       |       |       |   125 ||   125
  Dodge: Dodged            |    60 |    39 |   114 |   532 ||   745

Table legend: (Time is in decaauts)
 A = Elapsed time spent in this place.
 B = Non-inter-level travel time spent in this place.
 C = Inter-level travel time spent in this place.
 D = Time resting spent in this place.
 E = Time spent auto-exploring this place.
 F = Levels seen in this place.
 G = Mean time per level.
                   A        B        C        D        E       F      G
               +--------+--------+--------+--------+--------+-----+--------+
         Total |  16094 |  15766 |    328 |      0 |  12669 |  12 | 1341.2 |
       Dungeon |  11962 |  11697 |    265 |      0 |   9274 |   9 | 1329.1 |
          Lair |   4132 |   4069 |     63 |      0 |   3395 |   3 | 1377.3 |
               +--------+--------+--------+--------+--------+-----+--------+

Top non-repeatable levels by time:
     D:7: 2064 daAuts
  Lair:2: 1843 daAuts
     D:9: 1562 daAuts
     D:5: 1562 daAuts
     D:8: 1343 daAuts
  Lair:1: 1214 daAuts
     D:4: 1194 daAuts
     D:6: 1178 daAuts
     D:3: 1102 daAuts
  Lair:3: 1074 daAuts
     D:1: 1059 daAuts
     D:2: 894 daAuts
